 Dungeon Crawl Stone Soup version 0.30-a0-1103-g25895a7845 (webtiles) character file.

Game seed: 1050845704948858619

813 Firecrotchwizard the Digger (level 7, 0/40 HPs)
             Began as a Gargoyle Earth Elementalist on Apr 18, 2023.
             Killed by divine providence
             ... invoked by an orc priest
              (13 damage)
             ... on level 5 of the Dungeon.
             The game lasted 00:14:55 (4617 turns).

Firecrotchwizard the Digger (GrEE)                  Turns: 4617, Time: 00:14:56

Health: 0/40       AC: 12    Str: 11    XL:     7   Next: 93%
Magic:  11/14      EV: 11    Int: 18    God:
Gold:   249        SH:  0    Dex: 10    Spells: 9/15 levels left

rFire   . . .      SeeInvis .    m - +1 short sword (elec)
rCold   + + .      Faith    .    (no shield)
rNeg    + . .      Spirit   .    e - +0 robe {rC+}
rPois   ∞          Reflect  .    z - +2 helmet
rElec   +          Rampage  .    (no cloak)
rCorr   .                        (no gloves)
Will    .....                    d - +2 pair of boots
Stlth   ++                       (no amulet)
HPRegen 0.26/turn                k - ring of protection from cold
MPRegen 0.14/turn                (no ring)

@: no status effects
A: sickness immunity, AC +4, negative energy resistance 1, electricity
resistance, torment resistance 1, petrification resistance
a: no special abilities


You were on level 5 of the Dungeon.
You visited 1 branch of the dungeon, and saw 5 of its levels.

You collected 249 gold pieces.

Inventory:

Hand Weapons
 m - a +1 short sword of electrocution (weapon)
 s - a +0 dagger
Missiles
 f - 3 poisoned darts
 h - 2 javelins
 j - a throwing net {@!f}
 l - 4 curare-tipped darts
Armour
 a - a +0 robe
 d - a +2 pair of boots (worn)
 e - a +0 robe of cold resistance (worn)
 p - an orb of energy
 z - a +2 helmet (worn)
Jewellery
 k - a ring of protection from cold (left hand)
 w - an amulet of guardian spirit
Wands
 c - a wand of iceblast (8)
Scrolls
 g - a scroll of silence {unknown}
 n - 2 scrolls of noise
 q - a scroll of enchant armour
 t - a scroll of teleportation
 u - a scroll of enchant weapon {unknown}
 x - a scroll of blinking {unknown}
 y - a scroll of torment
Potions
 b - a potion of magic
 o - a potion of invisibility
 r - a potion of mutation
 v - 3 potions of heal wounds


   Skills:
 + Level 2.8 Fighting
 - Level 1.5 Dodging
 - Level 2.1 Stealth
 + Level 4.9 Spellcasting
 - Level 4.0 Conjurations
 - Level 0.7 Transmutations
 + Level 7.0 Earth Magic


You had 9 spell levels left.
You knew the following spells:

 Your Spells              Type           Power      Damage    Failure   Level
a - Sandblast             Erth           58%        2d13      1%          1
b - Passwall              Tmut/Erth      15%        N/A       4%          2
c - Stone Arrow           Conj/Erth      48%        3d10      4%          3

Your spell library contained the following spells:

 Spells                   Type           Power      Damage    Failure   Level
 Petrify                  Tmut/Erth      18%        N/A       26%         4
 Vhi's Electric Charge    Tloc/Air       8%         N/A       38%         3
 Arcjolt                  Conj/Air       5%         1d15      86%         5
 Maxwell's Capacitive Co  Air            2%         ∞         100%        8


Dungeon Overview and Level Annotations

Branches:
Dungeon (5/15)
 Temple: D:4-7

Altars:
Fedhas
Sif Muna

Shops:
D:2 *:==*   D:4 (

Annotations:
D:3 2 transporters, Pimp's ghost, amateur DsFE
D:4 2 runed translucent doors, Sigmund


Innate Abilities, Weirdness & Mutations

You are immune to sickness and miasma.
Your stone body is resilient. (AC +4)
You are immune to poison.
You resist negative energy. (rN+)
You are resistant to electric shocks. (rElec)
You are resistant to unholy torment.
You are immune to petrification.


Message History

The phantom hits you.
The phantom blinks!
You blink.
The phantom attacks as you move away! The phantom misses you.
You hit the phantom.
The phantom is moderately damaged.
The phantom hits you but does no damage.
You closely miss the phantom.
The phantom is moderately damaged.
The phantom hits you.
The phantom blinks!
You blink.
You barely miss the phantom.
The phantom is moderately damaged.
The phantom completely misses you.
You hit the phantom.
The phantom is moderately damaged.
The phantom hits you but does no damage.
Casting: Sandblast (safe; 1% risk of failure)
Confirm with . or Enter, or press ? or * to list all spells.
Aiming: Sandblast (safe; 1% risk of failure)
Press: ? - help, Shift-Dir - straight line, f - phantom
Aim: a phantom (moderately damaged, 76% to hit)
The blast of sand hits the phantom!!
You destroy the phantom!
You start resting.
HP restored.
Casting: Sandblast (safe; 1% risk of failure)
Confirm with . or Enter, or press ? or * to list all spells.
Okay, then.
Okay, then.
Magic restored.
Found a stone staircase leading up.
There is a stone staircase leading up here.
There is a stone staircase leading up here.
An orc comes into view. It is wielding a +0 dagger.
The orc closely misses you.
You hit the orc but do no damage. The orc hits you but does no damage.
You closely miss the orc. The orc hits you but does no damage.
You closely miss the orc. The orc hits you but does no damage.
You hit the orc but do no damage. The orc barely misses you.
You barely miss the orc. The orc closely misses you.
You barely miss the orc. The orc hits you but does no damage.
You closely miss the orc. The orc barely misses you.
An orc is nearby!
You hit the orc but do no damage. The orc hits you with a +0 dagger.
You hit the orc.
The orc is lightly wounded.
The orc barely misses you.
You hit the orc but do no damage.
The orc is lightly wounded.
The orc hits you but does no damage.
You hit the orc. Lightning courses through the orc!!
You kill the orc!
No target in view!
Things that are here:
a +0 dagger; a +0 leather armour; an orc corpse 2 orc priests and an orc come into view.
Casting: Sandblast (safe; 1% risk of failure)
Confirm with . or Enter, or press ? or * to list all spells.
Aiming: Sandblast (safe; 1% risk of failure)
Press: ? - help, Shift-Dir - straight line, f - orc priest
Aim: an orc priest, wielding a +0 hand axe (asleep, 100% to hit)
The blast of sand hits the orc priest.
The orc priest is moderately wounded.
The orc priest shouts! x2; The orc shouts!
You hear a shout! x2
The orc priest begins to cast a cantrip, but forgets the words!
The orc priest miscasts a cantrip.
An orc wizard comes into view. It is wielding a +0 dagger.
Casting: Sandblast (safe; 1% risk of failure)
Confirm with . or Enter, or press ? or * to list all spells.
Aiming: Sandblast (safe; 1% risk of failure)
Press: ? - help, Shift-Dir - straight line, f/p - orc priest
Aim: an orc priest, wielding a +0 hand axe (moderately wounded, 83% to hit)
The blast of sand hits the orc priest.
The orc priest is severely wounded.
The orc priest calls down the wrath of Beogh upon you.
Beogh smites you!
An orc wizard comes into view. It is wielding a +0 dagger.
The orc priest invokes the aid of Beogh against you.
Beogh smites you!
* * * LOW HITPOINT WARNING * * *
The orc wizard casts a spell.
The orc wizard flickers and vanishes!
Deactivating autopickup; reactivate with Ctrl-A.
The orc priest begins to cast a cantrip, but forgets the words!
Casting: Sandblast (safe; 1% risk of failure)
Confirm with . or Enter, or press ? or * to list all spells.
Aiming: Sandblast (safe; 1% risk of failure)
Press: ? - help, Shift-Dir - straight line, f/p - orc priest
Aim: an orc priest, wielding a +0 hand axe (severely wounded, 83% to hit)
The blast of sand hits the orc priest!
You kill the orc priest!
Your Earth Magic skill increases to level 7!
Casting: Sandblast (safe; 1% risk of failure)
Confirm with . or Enter, or press ? or * to list all spells.
Aiming: Sandblast (safe; 1% risk of failure)
Press: ? - help, Shift-Dir - straight line, f - orc priest
Aim: an orc priest, wielding a +0 mace (83% to hit)
The blast of sand hits the orc priest!
The orc priest is almost dead.
The orc priest mumbles some strange prayers to Beogh against you.
Beogh smites you!
You die...

.###....##.##.# #.
#. #.#.###.##.# #.
#. #.#.# #.##.# #.
{. ..#.# #.##.####.
#o ## #.# #...#.....
#o #.###..###.### #.
#.....## ##.##
#)#######..## ##.#
#.o@).......#####..#
#########.....##.#.#
#....#..##.#
#...###.##.# #..##
##.#.# #...###.....
#.#..#.###..
#......(...#
#....).##.##


You could see an orc priest.

Vanquished Creatures
  An ogre (D:5)
  2 phantoms
  2 scorpions
  4 orc priests
  A jelly (D:5)
  2 orc wizards
  Natasha (twice) (D:2)
  An iguana (D:5)
  Robin (D:3)
  6 adders
  A shadow imp (D:5)
  An ufetubus (D:4)
  A worm (D:3)
  A dart slug (D:3)
  13 orcs
  8 endoplasms
  7 giant cockroaches
  14 goblins
  9 hobgoblins
  7 jackals
  6 quokkas
  5 ball pythons
  5 bats
  4 frilled lizards
  7 kobolds
  3 rats
114 creatures vanquished.

Vanquished Creatures (others)
  5 fungi (D:2)
  5 plants (D:2)
10 creatures vanquished.

Grand Total: 124 creatures vanquished

Notes
Turn   | Place    | Note
-------+----------+-------------------------------------------
     0 | D:1      | Firecrotchwizard the Gargoyle Earth Elementalist began the
                  | quest for the Orb.
     0 | D:1      | Reached XP level 1. HP: 10/10 MP: 3/3
   266 | D:1      | Reached XP level 2. HP: 15/15 MP: 5/5
   342 | D:1      | Reached skill level 4 in Earth Magic
  1001 | D:1      | Reached XP level 3. HP: 19/19 MP: 6/6
  1004 | D:1      | Learned a level 2 spell: Passwall
  1008 | D:1      | Learned a level 3 spell: Stone Arrow
  1410 | D:2      | Found Suomuxygg's Assorted Antiques.
  1445 | D:2      | Found Wyirril's Book Shoppe.
  1571 | D:2      | Reached skill level 1 in Conjurations
  1584 | D:2      | Found Soqar's Jewellery Shop.
  1656 | D:2      | Found Aseblaik's Assorted Antiques.
  1686 | D:2      | Noticed Natasha
  1687 | D:2      | Reached XP level 4. HP: 17/24 MP: 8/8
  1692 | D:2      | Killed Natasha
  1980 | D:2      | Noticed Natasha
  1984 | D:2      | Killed Natasha
  1985 | D:2      | Reached skill level 5 in Earth Magic
  2021 | D:2      | Found a faded altar of an unknown god.
  2034 | D:2      | Reached XP level 5. HP: 28/28 MP: 9/9
  2111 | D:2      | Found Tefon's Jewellery Boutique.
  2401 | D:3      | Identified the +7 dire flail of the Kissing Gods {freeze,
                  | Fly rC- rCorr MP-9}
  2401 | D:3      | Noticed an ogre
  2402 | D:3      | Found a transporter.
  2402 | D:3      | Noticed Pimp's ghost (amateur DsFE)
  2422 | D:3      | Found a transporter.
  2600 | D:3      | Found a shimmering blue altar of Sif Muna.
  2725 | D:3      | Found a blossoming altar of Fedhas.
  3012 | D:3      | Noticed Robin
  3017 | D:3      | Killed Robin
  3195 | D:4      | Noticed a phantom
  3329 | D:4      | Killed a phantom
  3330 | D:4      | Reached XP level 6. HP: 18/32 MP: 9/11
  3503 | D:4      | Found Toh Buti's Antique Weapon Emporium.
  3634 | D:4      | Found a large runed translucent door.
  3635 | D:4      | Found a large runed translucent door.
  3786 | D:4      | Reached skill level 6 in Earth Magic
  3829 | D:4      | Reached XP level 7. HP: 36/36 MP: 13/13
  4058 | D:4      | Noticed Sigmund
  4201 | D:5      | Entered Level 5 of the Dungeon
  4229 | D:5      | Reached skill level 1 in Fighting
  4617 | D:5      | Reached skill level 7 in Earth Magic
  4617 | D:5      | Killed from afar by an orc priest

Illustrated notes

Levels and vault maps discovered:
D:1:      dpeg_arrival_boxes_within_box, layout_basic, corner_web_ring,
          st_stairs_3, palyth_stone_intersect
D:2:      layout_loops_ring, serial_shops, shop, nicolae_shop_dealshenge, shop,
          shop, nicolae_lakefront_shop,
          dreamdust_ecumenical_altar_hidden_monk_grotto,
          chequers_serial_rivers_small_3, uniq_natasha
D:3:      layout_basic, lemuel_doored_altar, overflow_temple_1_default,
          serial_glass, glass_columns_b, glass_columns_c, glass_columns_b,
          glass_columns_a, glass_columns_a, gammafunk_ghost_smash, uniq_robin
D:4:      wander_river, layout_loops_ring, jmf_multi_god_temple2, serial_shops,
          nicolae_shop_getting_attention, minmay_checkerbox, uniq_sigmund
D:5:      layout_loops_ring, serial_shops, shop, gammafunk_ghost_abyssal_escape

Skill      XL: |  1  2  3  4  5  6  7 |
---------------+----------------------+-----
Earth Magic    | 4 5 6 7 |  7.0
Conjurations   | 1 3 4 |  4.0
Spellcasting   | 3 4 |  4.9
Fighting       | 2 |  2.8
Dodging        | |  1.5
Stealth        | |  2.1
Transmutations | |  0.7

Action                     |  1- 3 |  4- 6 |  7- 9 || total
---------------------------+-------+-------+-------++-------
  Melee: Unarmed           |    20 |       |       ||    20
         Dagger            |    64 |       |       ||    64
         Punch             |     2 |     1 |     1 ||     4
         Short sword       |    50 |   203 |    82 ||   335
   Cast: Sandblast         |    18 |    23 |    11 ||    52
    Use: Scroll            |       |     4 |     8 ||    12
         Potion            |       |       |     1 ||     1
   Stab: Sleeping          |     1 |     5 |       ||     6
 Armour: Robe              |    54 |    80 |    34 ||   168
  Dodge: Dodged            |   115 |   119 |    39 ||   273

Table legend: (Time is in decaauts)
 A = Elapsed time spent in this place.
 B = Non-inter-level travel time spent in this place.
 C = Inter-level travel time spent in this place.
 D = Time resting spent in this place.
 E = Time spent auto-exploring this place.
 F = Levels seen in this place.
 G = Mean time per level.
                   A        B        C        D        E       F      G
               +--------+--------+--------+--------+--------+-----+--------+
         Total |   4669 |   4461 |    208 |    545 |   2909 |   5 |  933.8 |
       Dungeon |   4669 |   4461 |    208 |    545 |   2909 |   5 |  933.8 |
               +--------+--------+--------+--------+--------+-----+--------+

Top non-repeatable levels by time:
     D:1: 1222 daAuts
     D:4: 1113 daAuts
     D:2: 1025 daAuts
     D:3: 887 daAuts
     D:5: 420 daAuts
